Jets vs Avalanche
(R1)
Created - 19 février 2017 at 20:04
Goals
|
| Jets |
1 |
0 |
0 |
1 |
| Avalanche |
0 |
2 |
1 |
3 |
|
Shots
|
| Jets |
10 |
10 |
5 |
25 |
| Avalanche |
14 |
9 |
8 |
31 |
|
1st period
1. Jets , Jussi Jokinen 11 (Michal Rozsival, Eric Fehr) at 14:24
Penalties :
Michael Rupp (Win) for Hooking (Minor) at 9:36, Pernell Karl Subban (Col) for Holding (Minor) at 16:09
2nd period
2. Avalanche , Jay Bouwmeester 8 (Chuck Kobasew, Ryan Smyth) at 6:05
3. Avalanche , Brandon Yip 5 (Mike Comrie) at 9:44
Penalties :
Dustin Brown (Win) for Roughing (Minor) at 7:24, Marco Scandella (Win) for Hooking (Minor) at 9:55, Marco Scandella (Win) for Slashing (Minor) at 17:27, David Krejci (Col) for Interference (Minor) at 19:59
3rd period
4. Avalanche , Mikkel Boedker 18 (Johnny Boychuk) at 6:00
Penalties :
Andrei Kostitsyn (Col) for Holding (Minor) at 6:30, Jussi Jokinen (Win) for Hooking (Minor) at 18:27
Goalie Stats
Kari Lehtonen (Win), 28 saves from 31 shots - (0,903), L, 13-17-3, 60:00 minutes
Semyon Varlamov (Col), 24 saves from 25 shots - (0,960), W, 10-14-2, 60:00 minutes
Players Stats for Jets
Player Name G A P +/- PIM S H SB GA TA FO MP PP MP PK MP
------------------------------------------------------------------------------------
Anton Volchenkov 0 0 0 -1 0 3 4 0 0 0 0/0 23:16 2:47 3:57
Benoit Pouliot 0 0 0 0 0 5 4 0 0 1 0/1 20:43 4:19 2:10
Blake Wheeler 0 0 0 0 0 4 1 3 2 0 1/3 22:21 1:38 4:42
Derek Roy 0 0 0 0 0 2 1 0 1 1 16/35 23:07 4:19 4:44
Derek Stepan 0 0 0 1 0 1 1 0 0 0 3/8 15:03 1:38 0:13
Dmitri Kalinin 0 0 0 -1 0 0 1 0 0 3 0/0 20:37 2:47 5:31
Dustin Brown 0 0 0 -1 2 0 0 2 0 0 0/0 16:24 4:19 2:27
Eric Fehr 0 1 1 1 0 1 1 0 0 0 0/0 11:20 0:00 0:00
Eric Gelinas 0 0 0 0 0 0 3 0 0 1 0/0 12:33 0:00 0:00
Fredrik Sjostrom 0 0 0 -2 0 2 0 0 0 0 0/0 7:56 0:00 0:18
Greg Zanon 0 0 0 0 0 0 0 2 0 2 0/0 18:02 0:00 5:31
Jussi Jokinen 1 0 1 1 2 4 0 0 1 0 0/1 14:48 1:38 0:00
Lee Stempniak 0 0 0 -2 0 0 0 0 0 0 0/0 7:26 0:00 0:00
Marco Scandella 0 0 0 -1 4 0 3 0 1 1 0/0 22:46 3:10 0:00
Michael Rupp 0 0 0 -1 2 1 3 0 1 0 0/0 11:53 0:00 2:10
Michal Rozsival 0 1 1 -1 0 0 2 1 0 0 0/0 22:53 3:10 3:57
Mikko Koivu 0 0 0 -1 0 1 1 1 0 0 2/5 11:53 0:00 2:12
Zack Hamill 0 0 0 -2 0 1 1 0 0 0 1/4 7:26 0:00 0:00
Players Stats for Avalanche
Player Name G A P +/- PIM S H SB GA TA FO MP PP MP PK MP
------------------------------------------------------------------------------------
Alexander Radulov 0 0 0 0 0 0 1 1 0 0 0/1 18:38 4:27 0:47
Andrei Kostitsyn 0 0 0 0 2 2 2 0 1 0 1/2 21:02 4:52 0:50
Andrew Ladd 0 0 0 1 0 0 1 0 0 0 0/0 10:45 0:09 1:44
Brandon Yip 1 0 1 1 0 1 1 0 0 0 0/1 10:45 0:09 1:44
Bryan Little 0 0 0 0 0 2 1 1 2 0 11/16 16:59 4:52 0:00
Chuck Kobasew 0 1 1 1 0 3 2 0 0 0 0/0 11:44 0:00 3:23
Corey Perry 0 0 0 0 0 4 1 1 2 0 3/3 16:59 4:52 0:00
David Krejci 0 0 0 1 2 1 2 0 1 0 4/9 10:39 0:09 0:03
Jack Johnson 0 0 0 1 0 3 1 1 0 0 0/0 19:19 0:00 3:47
Jay Bouwmeester 1 0 1 0 0 1 1 0 0 1 0/0 22:54 5:23 0:37
Johnny Boychuk 0 1 1 1 0 1 1 2 0 0 0/0 20:31 5:23 0:34
Marc Staal 0 0 0 1 0 1 0 0 0 1 0/0 20:32 4:05 3:00
Mike Comrie 0 1 1 1 0 3 1 0 1 1 4/9 11:59 0:00 3:23
Mikkel Boedker 1 0 1 0 0 3 1 0 1 0 0/0 16:33 4:27 0:00
Paul Stastny 0 0 0 0 0 3 1 0 1 2 11/16 17:46 4:27 0:00
Pernell Karl Subban 0 0 0 0 2 0 1 0 0 0 0/0 20:06 4:05 1:33
Ryan Smyth 0 1 1 1 0 2 2 0 0 1 0/0 8:21 0:00 0:00
Shane O'Brien 0 0 0 1 0 1 0 0 0 0 0/0 18:28 0:00 2:23
3 Stars
1 - Semyon Varlamov (Col)
2 - Brandon Yip (Col)
3 - Jay Bouwmeester (Col)
Power Play
Jets - 0 on 3 Attempt(s) - 0,00%
Avalanche - 0 on 5 Attempt(s) - 0,00%
Penalty Kill
Jets - 5 on 5 Attempt(s) - 100,00%
- Score 0 goal in Penalty Kill
Avalanche - 3 on 3 Attempt(s) - 100,00%
- Score 0 goal in Penalty Kill
Team Stat
Jets - Hits : 26 - Faceoff Wins : 23 - Blocked Shots : 9 - Penalty Minutes : 10
Avalanche - Hits : 20 - Faceoff Wins : 34 - Blocked Shots : 6 - Penalty Minutes : 6
Official
Referees : Marouelli Dan and LaRue Dennis
Linesman : Jay Sharrers and Shane Heyer
Game Notes
No Game Note
Finance
Level 1 -- Attendance: 5046 (84,10%) -- Ticket Income 423 864 $
Level 2 -- Attendance: 4238 (84,76%) -- Ticket Income 211 900 $
Level 3 -- Attendance: 1835 (91,75%) -- Ticket Income 51 380 $
Level 4 -- Attendance: 4000 (100,00%) -- Ticket Income 72 000 $
Luxury Box -- Attendance: 676 (67,60%) -- Ticket Income 112 892 $
Game was played at the Pepsi Center.
Total Attendance: 15795 (87,75%)
Total Ticket Income: 872 036 $
Other Income: 130 805 $
Total Income: 1 002 841 $
Jets
5 vs 5 Forward
Center Left Wing Right Wing Time % Phy DF OF
1 Derek Roy Benoit Pouliot Blake Wheeler 36 0 2 3
2 Mikko Koivu Michael Rupp Dustin Brown 30 0 2 3
3 Derek Stepan Jussi Jokinen Eric Fehr 22 0 2 3
4 Zack Hamill Fredrik Sjostrom Lee Stempniak 12 0 2 3
5 vs 5 Defense
Defense Defense Time % Phy DF OF
1 Anton Volchenkov Marco Scandella 40 2 2 1
2 Dmitri Kalinin Michal Rozsival 35 2 2 1
3 Greg Zanon Eric Gelinas 25 2 2 1
4 Eric Gelinas Anton Volchenkov 0 1 2 2
PowerPlay Forward
Center Left Wing Right Wing Time % Phy DF OF
1 Derek Roy Benoit Pouliot Dustin Brown 60 0 0 5
2 Derek Stepan Jussi Jokinen Blake Wheeler 40 0 0 5
PowerPlay Defense
Defense Defense Time % Phy DF OF
1 Anton Volchenkov Dmitri Kalinin 60 1 1 3
2 Marco Scandella Michal Rozsival 40 1 1 3
Penalty Kill 4 Players Forward
Center Wing Time % Phy DF OF
1 Derek Roy Blake Wheeler 60 1 3 1
2 Dustin Brown Michael Rupp 40 1 3 1
Penalty Kill 4 Players Defense
Defense Defense Time % Phy DF OF
1 Greg Zanon Dmitri Kalinin 60 1 4 0
2 Anton Volchenkov Michal Rozsival 40 1 4 0
Penalty Kill - 3 Players Forward
Forward Time % Phy DF OF
1 Blake Wheeler 60 0 4 1
2 Dustin Brown 40 1 3 1
Penalty Kill - 3 Players Defense
Defense Defense Time % Phy DF OF
1 Greg Zanon Dmitri Kalinin 60 1 4 0
2 Marco Scandella Anton Volchenkov 40 1 4 0
4 vs 4 Forward
Center Wing Time % Phy DF OF
1 Derek Roy Benoit Pouliot 60 1 2 2
2 Mikko Koivu Dustin Brown 40 1 2 2
4 vs 4 Defense
Defense Defense Time % Phy DF OF
1 Anton Volchenkov Michal Rozsival 60 1 2 2
2 Dmitri Kalinin Marco Scandella 40 1 2 2
Last Minutes Offensive
Center Left Wing Right Wing Defense Defense
Derek Roy Benoit Pouliot Dustin Brown Dmitri Kalinin Anton Volchenkov
Last Minutes Defensive
Center Left Wing Right Wing Defense Defense
Derek Roy Blake Wheeler Dustin Brown Dmitri Kalinin Anton Volchenkov
Goaltenders
Starting : Kari Lehtonen
Backup : Jacob Markstrom
Extra Forwards
Normal : Derek Roy, Dustin Brown, Benoit Pouliot - PP : Derek Roy, Dustin Brown - PK : Dustin Brown
Extra Defensemen
Normal : Anton Volchenkov, Marco Scandella, Dmitri Kalinin - PP : Anton Volchenkov - PK : Marco Scandella, Anton Volchenkov
Penalty Shots
Derek Roy, Dustin Brown, Benoit Pouliot, Blake Wheeler, Jussi Jokinen
Avalanche
5 vs 5 Forward
Center Left Wing Right Wing Time % Phy DF OF
1 Bryan Little Mikkel Boedker Corey Perry 35 1 2 2
2 Paul Stastny Andrei Kostitsyn Alexander Radulov 35 1 2 2
3 Mike Comrie Andrew Ladd Brandon Yip 15 1 2 2
4 David Krejci Ryan Smyth Chuck Kobasew 15 1 2 2
5 vs 5 Defense
Defense Defense Time % Phy DF OF
1 Jay Bouwmeester Jack Johnson 35 1 2 2
2 Pernell Karl Subban Marc Staal 33 1 2 2
3 Shane O'Brien Johnny Boychuk 32 1 2 2
4 Marc Staal Jack Johnson 0 1 2 2
PowerPlay Forward
Center Left Wing Right Wing Time % Phy DF OF
1 Bryan Little Andrei Kostitsyn Corey Perry 60 1 2 2
2 Paul Stastny Mikkel Boedker Alexander Radulov 40 1 2 2
PowerPlay Defense
Defense Defense Time % Phy DF OF
1 Jay Bouwmeester Johnny Boychuk 60 1 2 2
2 Marc Staal Pernell Karl Subban 40 1 2 2
Penalty Kill 4 Players Forward
Center Wing Time % Phy DF OF
1 Mike Comrie Chuck Kobasew 60 1 2 2
2 Brandon Yip Andrew Ladd 40 1 2 2
Penalty Kill 4 Players Defense
Defense Defense Time % Phy DF OF
1 Marc Staal Jack Johnson 60 1 2 2
2 Pernell Karl Subban Shane O'Brien 40 1 2 2
Penalty Kill - 3 Players Forward
Forward Time % Phy DF OF
1 Mike Comrie 60 1 2 2
2 Chuck Kobasew 40 1 2 2
Penalty Kill - 3 Players Defense
Defense Defense Time % Phy DF OF
1 Pernell Karl Subban Marc Staal 60 1 2 2
2 Shane O'Brien Jack Johnson 40 1 2 2
4 vs 4 Forward
Center Wing Time % Phy DF OF
1 Corey Perry Andrei Kostitsyn 60 1 2 2
2 Mikkel Boedker Bryan Little 40 1 2 2
4 vs 4 Defense
Defense Defense Time % Phy DF OF
1 Marc Staal Jack Johnson 60 1 2 2
2 Shane O'Brien Jay Bouwmeester 40 1 2 2
Last Minutes Offensive
Center Left Wing Right Wing Defense Defense
Bryan Little Andrei Kostitsyn Corey Perry Marc Staal Jack Johnson
Last Minutes Defensive
Center Left Wing Right Wing Defense Defense
Mike Comrie Mikkel Boedker Chuck Kobasew Marc Staal Jack Johnson
Goaltenders
Starting : Semyon Varlamov
Backup : Dan Ellis
Extra Forwards
Normal : Corey Perry, Paul Stastny, Alexander Radulov - PP : Corey Perry, Paul Stastny - PK : Alexander Radulov
Extra Defensemen
Normal : Pernell Karl Subban, Marc Staal, Shane O'Brien - PP : Pernell Karl Subban - PK : Jack Johnson, Shane O'Brien
Penalty Shots
Corey Perry, Andrei Kostitsyn, Mikkel Boedker, Bryan Little, Mike Comrie
% Time on Ice - Jets
Lines # - Real PCT - Wanted PCT - Time Play
Normal Forward
1 - 32% - 36% - 14:14
2 - 26% - 30% - 11:35
3 - 25% - 22% - 11:20
4 - 17% - 12% - 7:26
Normal Defense
1 - 36% - 40% - 16:02
2 - 36% - 35% - 16:00
3 - 27% - 25% - 12:13
4 - 1% - 0% - 0:20
PP Forward
1 - 73% - 60% - 4:19
2 - 27% - 40% - 1:38
PP Defense
1 - 47% - 60% - 2:47
2 - 53% - 40% - 3:10
PK Forward
1 - 70% - 60% - 6:36
2 - 30% - 40% - 2:52
PK Defense
1 - 58% - 60% - 5:31
2 - 42% - 40% - 3:57
PK3 Forward
1 - 0% - 60%
2 - 0% - 40%
PK3 Defense
1 - 0% - 60%
2 - 0% - 40%
44 Forward
1 - 0% - 60%
2 - 0% - 40%
44 Defense
1 - 0% - 60%
2 - 0% - 40%
Last Minute Offensive - 0:00
Last Minute Defensive - 0:00
Total
Forward - 60:00
Defense - 60:00
|
% Time on Ice - Avalanche
Lines # - Real PCT - Wanted PCT - Time Play
Normal Forward
1 - 32% - 35% - 14:14
2 - 30% - 35% - 13:24
3 - 19% - 15% - 8:36
4 - 19% - 15% - 8:21
Normal Defense
1 - 36% - 35% - 15:54
2 - 31% - 33% - 13:50
3 - 32% - 32% - 14:14
4 - 1% - 0% - 0:37
PP Forward
1 - 53% - 60% - 5:01
2 - 47% - 40% - 4:27
PP Defense
1 - 57% - 60% - 5:23
2 - 43% - 40% - 4:05
PK Forward
1 - 71% - 60% - 4:13
2 - 29% - 40% - 1:44
PK Defense
1 - 50% - 60% - 3:00
2 - 50% - 40% - 2:57
PK3 Forward
1 - 0% - 60%
2 - 0% - 40%
PK3 Defense
1 - 0% - 60%
2 - 0% - 40%
44 Forward
1 - 0% - 60%
2 - 0% - 40%
44 Defense
1 - 0% - 60%
2 - 0% - 40%
Last Minute Offensive - 0:00
Last Minute Defensive - 0:00
Total
Forward - 60:00
Defense - 60:00
|
Play by Play
1st period
0:01 of 1st period - Derek Roy wins face-off versus Bryan Little in neutral zone.
0:16 of 1st period - Snap shot by Corey Perry.
0:16 of 1st period - Stopped by Kari Lehtonen without a rebound.
0:17 of 1st period - Andrei Kostitsyn wins face-off versus Mikko Koivu in Jets zone.
0:26 of 1st period - Marc Staal is hit by Michael Rupp and loses puck.
1:49 of 1st period - Snap shot by Michael Rupp.
1:49 of 1st period - Shot Misses the Net.
1:51 of 1st period - Snap shot by Dustin Brown.
1:51 of 1st period - Shot Misses the Net.
1:53 of 1st period - Snap shot by Michael Rupp.
1:53 of 1st period - Stopped by Semyon Varlamov with a rebound.
2:28 of 1st period - Shane O'Brien is hit by Zack Hamill and loses puck.
3:16 of 1st period - Jack Johnson is hit by Michael Rupp and loses puck.
3:36 of 1st period - Brandon Yip is hit by Eric Gelinas and loses puck.
3:51 of 1st period - Snap shot by Fredrik Sjostrom.
3:51 of 1st period - Stopped by Semyon Varlamov with a rebound.
4:17 of 1st period - Wrist shot by Benoit Pouliot.
4:17 of 1st period - Shot Blocked by Corey Perry.
5:02 of 1st period - Snap shot by Derek Stepan.
5:02 of 1st period - Shot Misses the Net.
5:04 of 1st period - Wrist shot by Eric Fehr.
5:04 of 1st period - Deflect By Jussi Jokinen.
5:04 of 1st period - Stopped by Semyon Varlamov with a rebound.
5:16 of 1st period - Snap shot by Mike Comrie.
5:16 of 1st period - Stopped by Kari Lehtonen with a rebound.
5:36 of 1st period - Wrist shot by David Krejci.
5:36 of 1st period - Stopped by Kari Lehtonen with a rebound.
5:38 of 1st period - Wrist shot by Chuck Kobasew.
5:38 of 1st period - Stopped by Kari Lehtonen without a rebound.
5:39 of 1st period - Derek Roy wins face-off versus David Krejci in Jets zone.
6:09 of 1st period - Greg Zanon is hit by Andrei Kostitsyn and loses puck.
6:28 of 1st period - Eric Fehr is hit by Corey Perry and loses puck.
6:51 of 1st period - Shane O'Brien is hit by Benoit Pouliot and loses puck.
6:58 of 1st period - Slapshot by Johnny Boychuk.
6:58 of 1st period - Shot Blocked by Michal Rozsival.
7:07 of 1st period - Icing by Michal Rozsival.
7:08 of 1st period - Derek Roy wins face-off versus David Krejci in Jets zone.
7:35 of 1st period - Snap shot by Eric Fehr.
7:35 of 1st period - Shot Misses the Net.
7:57 of 1st period - Snap shot by Benoit Pouliot.
7:57 of 1st period - Deflect By Derek Roy.
7:57 of 1st period - Shot Misses the Net.
7:57 of 1st period - Puck is out of play.
7:58 of 1st period - Bryan Little wins face-off versus Derek Roy in Avalanche zone.
8:17 of 1st period - Wrist shot by Benoit Pouliot.
8:17 of 1st period - Stopped by Semyon Varlamov with a rebound.
8:19 of 1st period - Slapshot by Anton Volchenkov.
8:19 of 1st period - Stopped by Semyon Varlamov without a rebound.
8:20 of 1st period - Paul Stastny wins face-off versus Mikko Koivu in Avalanche zone.
8:27 of 1st period - Snap shot by Alexander Radulov.
8:27 of 1st period - Shot Blocked by Dustin Brown.
8:29 of 1st period - Slapshot by Shane O'Brien.
8:29 of 1st period - Shot Blocked by Mikko Koivu.
8:31 of 1st period - Snap shot by Paul Stastny.
8:31 of 1st period - Stopped by Kari Lehtonen with a rebound.
8:33 of 1st period - Snap shot by Paul Stastny.
8:33 of 1st period - Stopped by Kari Lehtonen with a rebound.
8:55 of 1st period - Wrist shot by Corey Perry.
8:55 of 1st period - Stopped by Kari Lehtonen with a rebound.
8:57 of 1st period - Snap shot by Shane O'Brien.
8:57 of 1st period - Deflect By Anton Volchenkov.
8:57 of 1st period - Stopped by Kari Lehtonen without a rebound.
8:58 of 1st period - Derek Stepan wins face-off versus Andrei Kostitsyn in Jets zone.
9:13 of 1st period - Snap shot by Jussi Jokinen.
9:13 of 1st period - Stopped by Semyon Varlamov without a rebound.
9:14 of 1st period - Mikko Koivu wins face-off versus Bryan Little in Avalanche zone.
9:36 of 1st period - Minor Penalty to Michael Rupp for Hooking.
9:37 of 1st period - Bryan Little wins face-off versus Derek Roy in Jets zone.
9:42 of 1st period - Snap shot by Andrei Kostitsyn.
9:42 of 1st period - Shot Misses the Net.
10:34 of 1st period - Andrei Kostitsyn is hit by Anton Volchenkov and loses puck.
10:55 of 1st period - Mikkel Boedker is hit by Benoit Pouliot and loses puck.
11:36 of 1st period - Penalty to Michael Rupp is over, Michael Rupp is back on ice.
11:53 of 1st period - Jack Johnson is hit by Derek Stepan and loses puck.
12:21 of 1st period - Derek Roy is hit by Ryan Smyth and loses puck.
12:34 of 1st period - Paul Stastny is hit by Anton Volchenkov and loses puck.
12:51 of 1st period - Wrist shot by Mikkel Boedker.
12:51 of 1st period - Stopped by Kari Lehtonen without a rebound.
12:52 of 1st period - Bryan Little wins face-off versus Mikko Koivu in Jets zone.
13:12 of 1st period - Mikko Koivu is hit by Bryan Little and loses puck.
13:27 of 1st period - Snap shot by Mikkel Boedker.
13:27 of 1st period - Shot Misses the Net.
13:29 of 1st period - Snap shot by Mikkel Boedker.
13:29 of 1st period - Stopped by Kari Lehtonen without a rebound.
13:30 of 1st period - Paul Stastny wins face-off versus Derek Roy in Jets zone.
14:05 of 1st period - Wrist shot by Mike Comrie.
14:05 of 1st period - Stopped by Kari Lehtonen with a rebound.
14:08 of 1st period - Icing by Michal Rozsival.
14:09 of 1st period - Corey Perry wins face-off versus Derek Stepan in Jets zone.
14:24 of 1st period - Slapshot by Michal Rozsival.
14:24 of 1st period - Deflect By Jussi Jokinen.
14:24 of 1st period - Goal by Jussi Jokinen - Jets : 1 - Avalanche : 0.
14:25 of 1st period - Paul Stastny wins face-off versus Derek Roy in neutral zone.
14:37 of 1st period - Slapshot by Benoit Pouliot.
14:37 of 1st period - Stopped by Semyon Varlamov with a rebound.
15:17 of 1st period - Slapshot by Jack Johnson.
15:17 of 1st period - Stopped by Kari Lehtonen with a rebound.
15:19 of 1st period - Wrist shot by Mike Comrie.
15:19 of 1st period - Stopped by Kari Lehtonen with a rebound.
15:23 of 1st period - Snap shot by Brandon Yip.
15:23 of 1st period - Shot Misses the Net.
16:00 of 1st period - Off-side.
16:01 of 1st period - Derek Roy wins face-off versus Paul Stastny in neutral zone.
16:09 of 1st period - Minor Penalty to Pernell Karl Subban for Holding.
16:10 of 1st period - Derek Roy wins face-off versus Mike Comrie in Avalanche zone.
16:32 of 1st period - Chuck Kobasew is hit by Michal Rozsival and loses puck.
16:43 of 1st period - Jack Johnson is hit by Benoit Pouliot and loses puck.
17:26 of 1st period - Slapshot by Derek Roy.
17:26 of 1st period - Shot Misses the Net.
17:44 of 1st period - Slapshot by Benoit Pouliot.
17:44 of 1st period - Shot Misses the Net.
18:09 of 1st period - Penalty to Pernell Karl Subban is over, Pernell Karl Subban is back on ice.
18:16 of 1st period - Wrist shot by Jussi Jokinen.
18:16 of 1st period - Stopped by Semyon Varlamov with a rebound.
19:08 of 1st period - Snap shot by Andrei Kostitsyn.
19:08 of 1st period - Stopped by Kari Lehtonen with a rebound.
19:34 of 1st period - Andrei Kostitsyn is hit by Blake Wheeler and loses puck.
19:43 of 1st period - Wrist shot by Blake Wheeler.
19:43 of 1st period - Stopped by Semyon Varlamov with a rebound.
Goals for this period are 1 for Jets vs 0 for Avalanche.
Shots for this period are 10 for Jets vs 14 for Avalanche.
2nd period
0:01 of 2nd period - Paul Stastny wins face-off versus Derek Roy in neutral zone.
0:26 of 2nd period - Benoit Pouliot is hit by Mike Comrie and loses puck.
1:11 of 2nd period - Wrist shot by Chuck Kobasew.
1:11 of 2nd period - Shot Misses the Net.
1:13 of 2nd period - Slapshot by Jack Johnson.
1:13 of 2nd period - Stopped by Kari Lehtonen without a rebound.
1:14 of 2nd period - David Krejci wins face-off versus Zack Hamill in Jets zone.
1:25 of 2nd period - Snap shot by Zack Hamill.
1:25 of 2nd period - Stopped by Semyon Varlamov without a rebound.
1:26 of 2nd period - Derek Roy wins face-off versus Paul Stastny in Avalanche zone.
1:35 of 2nd period - Snap shot by Blake Wheeler.
1:35 of 2nd period - Stopped by Semyon Varlamov without a rebound.
1:36 of 2nd period - Derek Roy wins face-off versus Paul Stastny in Avalanche zone.
2:06 of 2nd period - Slapshot by Johnny Boychuk.
2:06 of 2nd period - Stopped by Kari Lehtonen with a rebound.
2:27 of 2nd period - Snap shot by Benoit Pouliot.
2:27 of 2nd period - Stopped by Semyon Varlamov without a rebound.
2:28 of 2nd period - Bryan Little wins face-off versus Derek Stepan in Avalanche zone.
2:55 of 2nd period - Andrew Ladd is hit by Marco Scandella.
3:38 of 2nd period - Slapshot by Marc Staal.
3:38 of 2nd period - Stopped by Kari Lehtonen with a rebound.
3:48 of 2nd period - Snap shot by Derek Roy.
3:48 of 2nd period - Shot Blocked by Bryan Little.
4:06 of 2nd period - Michael Rupp is hit by Alexander Radulov and loses puck.
4:20 of 2nd period - Icing by Johnny Boychuk.
4:21 of 2nd period - Zack Hamill wins face-off versus David Krejci in Avalanche zone.
4:28 of 2nd period - Snap shot by Blake Wheeler.
4:28 of 2nd period - Shot Blocked by Johnny Boychuk.
4:30 of 2nd period - Slapshot by Anton Volchenkov.
4:30 of 2nd period - Shot Blocked by Johnny Boychuk.
4:32 of 2nd period - Slapshot by Blake Wheeler.
4:32 of 2nd period - Stopped by Semyon Varlamov without a rebound.
4:33 of 2nd period - Paul Stastny wins face-off versus Benoit Pouliot in Avalanche zone.
4:44 of 2nd period - Snap shot by Blake Wheeler.
4:44 of 2nd period - Shot Misses the Net.
4:46 of 2nd period - Snap shot by Anton Volchenkov.
4:46 of 2nd period - Stopped by Semyon Varlamov without a rebound.
4:47 of 2nd period - Paul Stastny wins face-off versus Derek Roy in Avalanche zone.
5:26 of 2nd period - Jay Bouwmeester is hit by Eric Fehr and loses puck.
5:41 of 2nd period - Wrist shot by Mikko Koivu.
5:41 of 2nd period - Shot Misses the Net.
5:43 of 2nd period - Snap shot by Mikko Koivu.
5:43 of 2nd period - Shot Misses the Net.
6:03 of 2nd period - Snap shot by Chuck Kobasew.
6:03 of 2nd period - Shot Misses the Net.
6:05 of 2nd period - Slapshot by Jay Bouwmeester.
6:05 of 2nd period - Goal by Jay Bouwmeester - Jets : 1 - Avalanche : 1.
6:06 of 2nd period - Derek Roy wins face-off versus Paul Stastny in neutral zone.
6:08 of 2nd period - Off-side.
6:09 of 2nd period - Derek Roy wins face-off versus Alexander Radulov in neutral zone.
7:04 of 2nd period - Wrist shot by Mikko Koivu.
7:04 of 2nd period - Stopped by Semyon Varlamov without a rebound.
7:05 of 2nd period - Bryan Little wins face-off versus Derek Roy in Avalanche zone.
7:18 of 2nd period - Slapshot by Mikkel Boedker.
7:18 of 2nd period - Shot Blocked by Blake Wheeler.
7:20 of 2nd period - Snap shot by Corey Perry.
7:20 of 2nd period - Stopped by Kari Lehtonen without a rebound.
7:21 of 2nd period - Mikko Koivu wins face-off versus Mike Comrie in Jets zone.
7:21 of 2nd period - Mikko Koivu is hit by Brandon Yip.
7:24 of 2nd period - Minor Penalty to Dustin Brown for Roughing.
7:25 of 2nd period - Bryan Little wins face-off versus Derek Roy in Jets zone.
9:24 of 2nd period - Penalty to Dustin Brown is over, Dustin Brown is back on ice.
9:34 of 2nd period - Snap shot by Fredrik Sjostrom.
9:34 of 2nd period - Stopped by Semyon Varlamov without a rebound.
9:35 of 2nd period - Mike Comrie wins face-off versus Zack Hamill in Avalanche zone.
9:44 of 2nd period - Wrist shot by Brandon Yip.
9:44 of 2nd period - Goal by Brandon Yip - Jets : 1 - Avalanche : 2.
9:45 of 2nd period - Paul Stastny wins face-off versus Derek Roy in neutral zone.
9:55 of 2nd period - Minor Penalty to Marco Scandella for Hooking.
9:56 of 2nd period - Corey Perry wins face-off versus Derek Roy in Jets zone.
9:56 of 2nd period - Snap shot by Bryan Little.
9:56 of 2nd period - Stopped by Kari Lehtonen with a rebound.
10:22 of 2nd period - Greg Zanon is hit by Johnny Boychuk and loses puck.
11:22 of 2nd period - Blake Wheeler is hit by Paul Stastny and loses puck.
11:55 of 2nd period - Penalty to Marco Scandella is over, Marco Scandella is back on ice.
12:01 of 2nd period - Wrist shot by Mikko Koivu.
12:01 of 2nd period - Shot Misses the Net.
12:03 of 2nd period - Wrist shot by Marco Scandella.
12:03 of 2nd period - Deflect By Benoit Pouliot.
12:03 of 2nd period - Shot Misses the Net.
12:03 of 2nd period - Puck is out of play.
12:04 of 2nd period - David Krejci wins face-off versus Derek Stepan in Avalanche zone.
12:09 of 2nd period - Slapshot by Marc Staal.
12:09 of 2nd period - Shot Misses the Net.
12:19 of 2nd period - Snap shot by Chuck Kobasew.
12:19 of 2nd period - Stopped by Kari Lehtonen without a rebound.
12:20 of 2nd period - Blake Wheeler wins face-off versus Brandon Yip in Jets zone.
12:35 of 2nd period - Slapshot by Blake Wheeler.
12:35 of 2nd period - Shot Hit the Post.
12:37 of 2nd period - Snap shot by Benoit Pouliot.
12:37 of 2nd period - Shot Misses the Net.
13:15 of 2nd period - Snap shot by Lee Stempniak.
13:15 of 2nd period - Deflect By Fredrik Sjostrom.
13:15 of 2nd period - Shot Misses the Net.
13:15 of 2nd period - Puck is out of play.
13:16 of 2nd period - Derek Roy wins face-off versus Bryan Little in Avalanche zone.
13:21 of 2nd period - Wrist shot by Derek Roy.
13:21 of 2nd period - Stopped by Semyon Varlamov with a rebound.
13:23 of 2nd period - Wrist shot by Blake Wheeler.
13:23 of 2nd period - Stopped by Semyon Varlamov without a rebound.
13:24 of 2nd period - Derek Roy wins face-off versus Bryan Little in Avalanche zone.
13:27 of 2nd period - Slapshot by Derek Roy.
13:27 of 2nd period - Shot Misses the Net.
13:37 of 2nd period - Wrist shot by Derek Roy.
13:37 of 2nd period - Stopped by Semyon Varlamov without a rebound.
13:38 of 2nd period - Paul Stastny wins face-off versus Blake Wheeler in Avalanche zone.
13:57 of 2nd period - Dmitri Kalinin is hit by Andrei Kostitsyn and loses puck.
14:30 of 2nd period - Marco Scandella is hit by Ryan Smyth and loses puck.
14:47 of 2nd period - Anton Volchenkov is hit by Pernell Karl Subban and loses puck.
15:24 of 2nd period - Jay Bouwmeester is hit by Marco Scandella and loses puck.
16:01 of 2nd period - Derek Stepan is hit by Chuck Kobasew.
16:14 of 2nd period - Icing by Jussi Jokinen.
16:15 of 2nd period - Mike Comrie wins face-off versus Derek Stepan in Jets zone.
16:18 of 2nd period - Wrist shot by Andrew Ladd.
16:18 of 2nd period - Shot Blocked by Greg Zanon.
16:20 of 2nd period - Wrist shot by Alexander Radulov.
16:20 of 2nd period - Shot Blocked by Greg Zanon.
16:26 of 2nd period - Snap shot by Alexander Radulov.
16:26 of 2nd period - Shot Misses the Net.
16:28 of 2nd period - Snap shot by Andrei Kostitsyn.
16:28 of 2nd period - Deflect By Eric Fehr.
16:28 of 2nd period - Shot Misses the Net.
16:28 of 2nd period - Puck is out of play.
16:29 of 2nd period - Bryan Little wins face-off versus Derek Roy in Jets zone.
16:32 of 2nd period - Wrist shot by Bryan Little.
16:32 of 2nd period - Stopped by Kari Lehtonen without a rebound.
16:33 of 2nd period - Bryan Little wins face-off versus Derek Roy in Jets zone.
16:48 of 2nd period - Snap shot by Bryan Little.
16:48 of 2nd period - Shot Misses the Net.
17:10 of 2nd period - Snap shot by Dustin Brown.
17:10 of 2nd period - Shot Misses the Net.
17:12 of 2nd period - Wrist shot by Mikko Koivu.
17:12 of 2nd period - Deflect By Michael Rupp.
17:12 of 2nd period - Shot Misses the Net.
17:12 of 2nd period - Puck is out of play.
17:13 of 2nd period - Bryan Little wins face-off versus Jussi Jokinen in Avalanche zone.
17:13 of 2nd period - Bryan Little is hit by Anton Volchenkov.
17:25 of 2nd period - Wrist shot by Corey Perry.
17:25 of 2nd period - Shot Misses the Net.
17:27 of 2nd period - Minor Penalty to Marco Scandella for Slashing.
17:28 of 2nd period - Bryan Little wins face-off versus Derek Roy in Jets zone.
18:51 of 2nd period - Johnny Boychuk is hit by Michael Rupp and loses puck.
19:04 of 2nd period - Mikkel Boedker is hit by Benoit Pouliot and loses puck.
19:27 of 2nd period - Penalty to Marco Scandella is over, Marco Scandella is back on ice.
19:40 of 2nd period - Jack Johnson is hit by Eric Gelinas and loses puck.
19:55 of 2nd period - Shane O'Brien is hit by Eric Gelinas and loses puck.
19:59 of 2nd period - Minor Penalty to David Krejci for Interference.
Goals for this period are 0 for Jets vs 2 for Avalanche.
Shots for this period are 10 for Jets vs 9 for Avalanche.
3rd period
0:01 of 3rd period - Derek Roy wins face-off versus Mike Comrie in neutral zone.
0:34 of 3rd period - Slapshot by Dmitri Kalinin.
0:34 of 3rd period - Shot Blocked by Jack Johnson.
0:36 of 3rd period - Snap shot by Anton Volchenkov.
0:36 of 3rd period - Stopped by Semyon Varlamov with a rebound.
1:24 of 3rd period - Pernell Karl Subban is hit by Anton Volchenkov and loses puck.
1:59 of 3rd period - Penalty to David Krejci is over, David Krejci is back on ice.
2:35 of 3rd period - Shane O'Brien is hit by Mikko Koivu and loses puck.
2:46 of 3rd period - Marco Scandella is hit by David Krejci and loses puck.
3:59 of 3rd period - Zack Hamill is hit by David Krejci and loses puck.
4:06 of 3rd period - Wrist shot by Ryan Smyth.
4:06 of 3rd period - Stopped by Kari Lehtonen without a rebound.
4:07 of 3rd period - Derek Roy wins face-off versus Paul Stastny in Jets zone.
4:14 of 3rd period - Snap shot by Paul Stastny.
4:14 of 3rd period - Stopped by Kari Lehtonen with a rebound.
5:16 of 3rd period - Dmitri Kalinin is hit by Chuck Kobasew and loses puck.
6:00 of 3rd period - Snap shot by Mikkel Boedker.
6:00 of 3rd period - Goal by Mikkel Boedker - Jets : 1 - Avalanche : 3.
6:01 of 3rd period - Paul Stastny wins face-off versus Blake Wheeler in neutral zone.
6:04 of 3rd period - Slapshot by Shane O'Brien.
6:04 of 3rd period - Deflect By Alexander Radulov.
6:04 of 3rd period - Shot Misses the Net.
6:04 of 3rd period - Puck is out of play.
6:05 of 3rd period - Paul Stastny wins face-off versus Derek Roy in Jets zone.
6:06 of 3rd period - Wrist shot by Andrei Kostitsyn.
6:06 of 3rd period - Shot Blocked by Blake Wheeler.
6:30 of 3rd period - Minor Penalty to Andrei Kostitsyn for Holding.
6:31 of 3rd period - Mike Comrie wins face-off versus Derek Roy in Avalanche zone.
7:07 of 3rd period - Slapshot by Derek Stepan.
7:07 of 3rd period - Stopped by Semyon Varlamov without a rebound.
7:08 of 3rd period - Derek Roy wins face-off versus Mike Comrie in Avalanche zone.
7:11 of 3rd period - Snap shot by Derek Roy.
7:11 of 3rd period - Shot Misses the Net.
7:33 of 3rd period - Michal Rozsival is hit by Andrew Ladd and loses puck.
7:42 of 3rd period - Andrew Ladd is hit by Derek Roy and loses puck.
7:51 of 3rd period - Snap shot by Pernell Karl Subban.
7:51 of 3rd period - Deflect By Brandon Yip.
7:51 of 3rd period - Shot Blocked by Dustin Brown.
7:51 of 3rd period - Puck is out of play.
7:52 of 3rd period - Mike Comrie wins face-off versus Derek Stepan in Jets zone.
8:29 of 3rd period - Jack Johnson is hit by Michal Rozsival and loses puck.
8:30 of 3rd period - Penalty to Andrei Kostitsyn is over, Andrei Kostitsyn is back on ice.
9:03 of 3rd period - Wrist shot by Andrei Kostitsyn.
9:03 of 3rd period - Stopped by Kari Lehtonen with a rebound.
9:31 of 3rd period - Derek Stepan is hit by Mikkel Boedker.
9:52 of 3rd period - Snap shot by Benoit Pouliot.
9:52 of 3rd period - Stopped by Semyon Varlamov without a rebound.
9:53 of 3rd period - Paul Stastny wins face-off versus Zack Hamill in Avalanche zone.
10:06 of 3rd period - Snap shot by Andrei Kostitsyn.
10:06 of 3rd period - Shot Misses the Net.
11:36 of 3rd period - Pernell Karl Subban is hit by Marco Scandella and loses puck.
11:53 of 3rd period - Marco Scandella is hit by Jack Johnson and loses puck.
13:18 of 3rd period - Snap shot by Benoit Pouliot.
13:18 of 3rd period - Stopped by Semyon Varlamov without a rebound.
13:19 of 3rd period - Corey Perry wins face-off versus Derek Roy in Avalanche zone.
13:53 of 3rd period - Backhand shot by Dustin Brown.
13:53 of 3rd period - Shot Hit the Post.
13:55 of 3rd period - Snap shot by Eric Gelinas.
13:55 of 3rd period - Shot Blocked by Alexander Radulov.
15:33 of 3rd period - Slapshot by Eric Fehr.
15:33 of 3rd period - Stopped by Semyon Varlamov without a rebound.
15:34 of 3rd period - Derek Stepan wins face-off versus Mike Comrie in Avalanche zone.
15:35 of 3rd period - Snap shot by Jussi Jokinen.
15:35 of 3rd period - Shot Misses the Net.
16:33 of 3rd period - Icing by Derek Stepan.
16:34 of 3rd period - Derek Stepan wins face-off versus David Krejci in Jets zone.
17:03 of 3rd period - Wrist shot by Corey Perry.
17:03 of 3rd period - Stopped by Kari Lehtonen without a rebound.
17:04 of 3rd period - David Krejci wins face-off versus Derek Roy in Jets zone.
17:13 of 3rd period - Wrist shot by Ryan Smyth.
17:13 of 3rd period - Stopped by Kari Lehtonen without a rebound.
17:14 of 3rd period - David Krejci wins face-off versus Derek Roy in Jets zone.
17:17 of 3rd period - Slapshot by Chuck Kobasew.
17:17 of 3rd period - Stopped by Kari Lehtonen without a rebound.
17:18 of 3rd period - Derek Roy wins face-off versus David Krejci in Jets zone.
17:33 of 3rd period - Wrist shot by Chuck Kobasew.
17:33 of 3rd period - Shot Blocked by Blake Wheeler.
17:52 of 3rd period - Snap shot by Jack Johnson.
17:52 of 3rd period - Deflect By Michael Rupp.
17:52 of 3rd period - Stopped by Kari Lehtonen without a rebound.
17:53 of 3rd period - Derek Roy wins face-off versus Bryan Little in Jets zone.
17:53 of 3rd period - Derek Roy is hit by Jay Bouwmeester.
18:24 of 3rd period - Jay Bouwmeester is hit by Dmitri Kalinin and loses puck.
18:27 of 3rd period - Minor Penalty to Jussi Jokinen for Hooking.
18:28 of 3rd period - Bryan Little wins face-off versus Derek Roy in Jets zone.
Goals for this period are 0 for Jets vs 1 for Avalanche.
Shots for this period are 5 for Jets vs 8 for Avalanche.
Back to the Top